 Dungeon Crawl Stone Soup version 0.30-a0-702-gdf48620a09 (webtiles) character file.

Game seed: 14150180212208538248

37 Fenrisus the Shooter (level 3, -1/28 HPs)
             Began as a Formicid Hunter on Jan 21, 2023.
             Slain by a goblin
             ... wielding a +0 dagger
             ... led by Robin
              (2 damage)
             ... on level 2 of the Dungeon.
             The game lasted 00:03:27 (1103 turns).

Fenrisus the Shooter (Formicid Hunter)              Turns: 1103, Time: 00:03:27

Health: -1/28      AC:  3    Str: 15    XL:     3   Next: 60%
Magic:  3/3        EV: 12    Int:  8    God:
Gold:   40         SH:  5    Dex: 19    Spells: 2/2 levels left

rFire   . . .      SeeInvis +    a - +0 shortbow
rCold   . . .      Faith    .    (no shield)
rNeg    . . .      Spirit   .    c - +0 leather armour
rPois   .          Reflect  +    (helmet unavailable)
rElec   .          Harm     .    (no cloak)
rCorr   .          Rampage  .    (no gloves)
Will    .....                    (no boots)
Stlth   ++                       m - amulet of reflection
HPRegen 0.24/turn                (no ring)
MPRegen 0.08/turn                (no ring)

@: flying
A: permanent stasis, dig shafts and tunnels, antennae 3, four strong arms
a: Dig, Shaft Self


You were on level 2 of the Dungeon.
You visited 1 branch of the dungeon, and saw 2 of its levels.

You collected 40 gold pieces.

Inventory:

Hand Weapons
 a - a +0 shortbow (weapon)
Armour
 c - a +0 leather armour (worn)
 h - a +0 cloak
 k - a +0 chain mail
Jewellery
 m - an amulet of reflection (around neck)
Scrolls
 b - a scroll of immolation
 d - a scroll of noise {unknown}
 e - a scroll of enchant armour {unknown}
 i - a scroll of magic mapping {unknown}
 l - a scroll of teleportation {unknown}
 n - 2 scrolls of identify {unknown}
 o - a scroll of acquirement {unknown}
Potions
 f - a potion of lignification {unknown}
 g - a potion of attraction {unknown}
 j - a potion of flight


   Skills:
 + Level 2.7 Fighting
 + Level 4.3 Ranged Weapons
 + Level 2.2 Dodging
 + Level 2.3 Stealth


You had 2 spell levels left.
You didn't know any spells.
Your spell library was empty.

Dungeon Overview and Level Annotations

Branches:
Dungeon (2/15)

Altars:

Annotations:
D:2 Robin


Innate Abilities, Weirdness & Mutations

You cannot be hasted, slowed, berserked, paralysed or teleported.
You can dig through walls and to a lower floor.
You have a pair of large antennae on your head. (SInv)
Your four strong arms can wield two-handed weapons with a shield.


Message History

Robin throws the goblin at you! The goblin hits you with a +0 club.
* * * LOW HITPOINT WARNING * * *
The goblin closely misses you. The goblin hits you with a +0 club.
* * * LOW HITPOINT WARNING * * *
The hobgoblin barely misses you.
You continue putting on your amulet of reflection.
The goblin closely misses you. The goblin hits you but does no damage.
The goblin barely misses you. x2; The hobgoblin hits you.
* * * LOW HITPOINT WARNING * * *
You finish putting on your amulet of reflection.
You feel a shielding aura gather around you.
m - an amulet of reflection (around neck)
You are too injured to fight recklessly!
You are too injured to fight recklessly!
You are too injured to fight recklessly!
You shoot an arrow.
The arrow hits the hobgoblin but does no damage.
You block the goblin's attack. The goblin barely misses you. x2
The hobgoblin barely misses you. The goblin barely misses you.
The hobgoblin hits you.
* * * LOW HITPOINT WARNING * * *
The goblin unwields a +0 sling.
The goblin wields a +0 club.
The goblin closely misses you.
You shoot an arrow. The arrow closely misses the hobgoblin.
The arrow hits Robin!
Robin is severely wounded.
Robin throws the goblin at you!
The goblin hits you but does no damage. x2
The goblin hits you with a +0 club.
* * * LOW HITPOINT WARNING * * *
The hobgoblin barely misses you. You block the goblin's attack.
The hobgoblin barely misses you. You block the goblin's attack.
The goblin barely misses you.
Robin roars a battlecry!
The goblins go into a battle-frenzy!
The goblin closely misses you. The goblin hits you but does no damage.
The goblin completely misses you. The goblin closely misses you.
You block the hobgoblin's attack.
A goblin comes into view. It is wielding a +0 dagger.
The hobgoblin closely misses you. The goblin hits you with a +0 dagger.
You die...

............P.♣.♣.♣♣.
...............P.P♣.
♣..........♣P..PP♣P♣
.♣........♣♣♣...P♣.♣♣
♣♣♣♣)..P♣♣♣..)....♣.♣♣ .
.♣♣.♣..♣♣........♣P..♣♣ P♣
♣.♣♣.♣.♣...P.....P♣P..♣...
♣♣...♣♣.♣P.....ggg.P♣.....
..♣.♣♣..P.♣....g@g..g.P...
♣..♣♣..♣..♣♣...ggg..g..g..
..♣♣.P.♣.♣♣......)........
.♣♣.♣....♣..♣..........P..
..♣♣.♣♣.P.♣♣...P.........♣
.♣♣P. ..♣.......P..P..♣.
♣.♣.♣ .♣..♣PP.P...P.P..#
♣♣♣ ♣♣♣♣♣.P..P....#.#
♣.......... .


You could see Robin, 2 hobgoblins and 8 goblins.

Vanquished Creatures
  2 dart slugs (D:1)
  4 ball pythons
  An endoplasm (D:1)
  4 giant cockroaches (D:1)
  5 goblins
  2 hobgoblins
  2 kobolds (D:2)
  3 quokkas
  3 bats
  A frilled lizard (D:2)
  A rat (D:2)
28 creatures vanquished.

Vanquished Creatures (others)
  25 plants (D:2)
25 creatures vanquished.

Grand Total: 53 creatures vanquished

Notes
Turn   | Place    | Note
-------+----------+-------------------------------------------
     0 | D:1      | Fenrisus the Formicid Hunter began the quest for the Orb.
     0 | D:1      | Reached XP level 1. HP: 16/16 MP: 1/1
   130 | D:1      | Reached XP level 2. HP: 23/23 MP: 2/2
   504 | D:1      | Found a faded altar of an unknown god.
   655 | D:1      | Reached XP level 3. HP: 26/28 MP: 3/3
  1096 | D:2      | Noticed Robin
  1103 | D:2      | HP: 1/28 [goblin/+0 club[Robin] (3)]
  1103 | D:2      | Slain by a goblin

Illustrated notes

Levels and vault maps discovered:
D:1:      amcnicky_arrival_gap_in_the_tavern_cellar, layout_basic,
          hellmonk_ecumenical_altar_leap_of_faith
D:2:      wad_woods_pond, layout_loops_ring, uniq_robin

Skill      XL: |  1  2 |
---------------+-------+-----
Dodging        | 2 |  2.2
Stealth        | 2 |  2.3
Fighting       | |  2.7
Ranged Weapons | |  4.3

Action                   || total
-------------------------++-------
 Fire: Shortbow          ||    86
  Use: Potion            ||     2
       Scroll            ||     1
Armor: Leather armour    ||    24
Dodge: Dodged            ||    65
Block: Other             ||     4

Table legend: (Time is in decaauts)
 A = Elapsed time spent in this place.
 B = Non-inter-level travel time spent in this place.
 C = Inter-level travel time spent in this place.
 D = Time resting spent in this place.
 E = Time spent auto-exploring this place.
 F = Levels seen in this place.
 G = Mean time per level.
                   A        B        C        D        E       F      G
               +--------+--------+--------+--------+--------+-----+--------+
         Total |   1129 |    912 |    217 |     62 |    659 |   2 |  564.5 |
       Dungeon |   1129 |    912 |    217 |     62 |    659 |   2 |  564.5 |
               +--------+--------+--------+--------+--------+-----+--------+

Top non-repeatable levels by time:
     D:1: 933 daAuts
     D:2: 196 daAuts
